 Dungeon Crawl Stone Soup version 0.27-a0-1202-ge72e49191c (webtiles) character file.

Game seed: 16214082017298213969

70 Snicker the Sneak (level 4, -8/21 HPs)
             Began as a Spriggan Enchanter on June 4, 2021.
             Engulfed by a cloud of flame (18 damage)
             ... on level 3 of the Dungeon.
             The game lasted 00:02:59 (2741 turns).

Snicker the Sneak (Spriggan Enchanter)              Turns: 2741, Time: 00:03:03

Health: -8/21      AC:  2    Str:  5    XL:     4   Next: 4%
Magic:  9/9        EV: 17    Int: 16    God:
Gold:   119        SH:  0    Dex: 15    Spells: 2/8 levels left

rFire    . . .     SeeInvis +   a - +2 dagger (venom)
rCold    . . .     Faith    .   (shield restricted)
rNeg     . . .     Spirit   .   c - +0 robe
rPois    .         Reflect  .   (helmet restricted)
rElec    .         Harm     .   (no cloak)
rCorr    .         Rampage  .   (gloves unavailable)
Will     .....                  (boots unavailable)
Stlth    +++.......             (no amulet)
HPRegen  0.07/turn              (no ring)
MPRegen  0.11/turn              (no ring)

@: very quick
A: very small, no large weapons, unfitting armour, see invisible, speed 3
a: no special abilities


You were on level 3 of the Dungeon.
You visited 1 branch of the dungeon, and saw 3 of its levels.

You collected 119 gold pieces.

Inventory:

Hand Weapons
 a - a +2 dagger of venom (weapon)
 b - a +1 whip of electrocution
 h - a +1 dagger
Missiles
 o - 20 poisoned darts
Armour
 c - a +0 robe (worn)
Scrolls
 g - 3 scrolls of identify {unknown}
 i - a scroll of blinking {unknown}
 n - a scroll of teleportation {unknown}
 p - a scroll of enchant armour {unknown}
Potions
 d - a potion of degeneration {unknown}
 e - 3 potions of haste {unknown}
 f - a potion of heal wounds {unknown}
 j - 2 potions of flight {unknown}
 k - a potion of attraction {unknown}
 l - a potion of lignification {unknown}
 m - a potion of might {unknown}


   Skills:
 * Level 2.0 Short Blades
 - Level 2.6 Dodging
 * Level 7.0 Stealth
 - Level 2.6 Spellcasting
 - Level 3.6 Hexes
 + Level 0.2 Ice Magic


You had 2 spell levels left.
You knew the following spells:

 Your Spells              Type           Power      Damage    Failure   Level
a - Corona                Hex            14%        N/A       4%          1
b - Ensorcelled Hibernat  Hex/Ice        16%        N/A       13%         2
c - Confusing Touch       Hex            13%        N/A       13%         3

Your spell library contained the following spells:

 Spells                   Type           Power      Damage    Failure   Level
 Shock                    Conj/Air       8%         1d3       19%         1
 Static Discharge         Conj/Air       2%         N/A       28%         2
 Tukima's Dance           Hex            13%        N/A       13%         3
 Dazzling Flash           Conj/Hex       14%        N/A       28%         3
 Swiftness                Air            2%         N/A       50%         3
 Airstrike                Air            1%         N/A       88%         4
 Lightning Bolt           Conj/Air       1%         1d12      99%         5


Dungeon Overview and Level Annotations

Branches:
Dungeon (3/15)

Altars:


Innate Abilities, Weirdness & Mutations

You are very small and have problems with some larger weapons.
You are too small for most types of armour.
You have supernaturally acute eyesight. (SInv)
You cover ground extremely quickly. (Speed+++)


Message History

You now have 119 gold pieces (gained 10).
An endoplasm comes into view.
A bat comes into view.
Found a scroll labelled ESAOLAS WUATI.
There are monsters nearby!
There are monsters nearby!
The endoplasm quivers.
The endoplasm misses you.
Casting: Ensorcelled Hibernation (safe; 13% risk of failure)
Confirm with . or Enter, or press ? or * to list all spells.
Aiming: Ensorcelled Hibernation (safe; 13% risk of failure)
Press: ? - help, Shift-Dir - straight line, f - endoplasm
Aim: an endoplasm (chance to affect: 57%)
The endoplasm resists with significant effort.
You hit the endoplasm.
The endoplasm is almost dead.
The endoplasm freezes you.
You are frozen.
You hit the endoplasm.
You kill the endoplasm!
You hit the bat.
The bat is poisoned.
The bat is severely wounded.
The bat barely misses you.
You kill the bat!
HP restored.
Magic restored.
q - a scroll labelled ESAOLAS WUATI A rat comes into view.
A rat is nearby!
As you read the scroll labelled ESAOLAS WUATI, it crumbles to dust.
The creatures around you are filled with an inner flame!
It was a scroll of immolation.
Found a blackened lead wand.
The helpless rat fails to defend itself.
You impale the rat!!
The rat explodes!
The fiery explosion engulfs you!
Ouch! That really hurt!
You are engulfed in blazing flames.
Ouch! That really hurt!
You die...

#.#####.# #.....#.#
#..##.#.#
######..##.#.######.
....................
........##.#........
###########.##.#.....#..
........................
#.#.##########.#@ยงยง..#.
..#............#.....#
.############..#######
......# #..# .####...
...# .# ##/## .# #. .# ##


There were no monsters in sight!

Vanquished Creatures
  3 adders (D:2)
  2 worms (D:2)
  5 endoplasms
  A giant cockroach (D:1)
  3 goblins
  4 hobgoblins
  2 jackals (D:1)
  2 kobolds (D:1)
  2 quokkas
  2 ball pythons
  2 bats
  3 frilled lizards
  9 rats
40 creatures vanquished.

Notes
Turn   | Place    | Note
-------+----------+-------------------------------------------
     0 | D:1      | Snicker the Spriggan Enchanter began the quest for the Orb.
     0 | D:1      | Reached XP level 1. HP: 9/9 MP: 5/5
   241 | D:1      | Reached skill level 5 in Stealth
   261 | D:1      | Found a faded altar of an unknown god.
   381 | D:1      | Reached XP level 2. HP: 11/13 MP: 6/6
   645 | D:1      | Learned a level 2 spell: Ensorcelled Hibernation
  1300 | D:2      | Reached skill level 6 in Stealth
  1505 | D:2      | Reached XP level 3. HP: 13/16 MP: 8/8
  2269 | D:2      | Learned a level 3 spell: Confusing Touch
  2496 | D:2      | Reached skill level 7 in Stealth
  2496 | D:2      | Reached XP level 4. HP: 17/21 MP: 9/9
  2741 | D:3      | Engulfed by a cloud of flame

Illustrated notes

Levels and vault maps discovered:
D:1:      ncdulo_smallfort, layout_basic, hellmonk_ecumenical_altar_arch_garden
D:2:      layout_basic
D:3:      layout_basic, gammafunk_temple_overflow_statue, minmay_ruptured

Skill      XL: |  1  2  3 |
---------------+----------+-----
Stealth        | 5 6 7 |  7.0
Short Blades   | 2 |  2.0
Dodging        | |  2.6
Spellcasting   | |  2.6
Hexes          | |  3.6
Ice Magic      | |  0.2

Action                   |  1- 3 |  4- 6 || total
-------------------------+-------+-------++-------
Melee: Whip              |    24 |       ||    24
       Dagger            |    58 |     4 ||    62
 Cast: Ensorcelled Hiber |    13 |     1 ||    14
  Use: Scroll            |       |     1 ||     1
 Stab: Sleeping          |    18 |     1 ||    19
Armor: Robe              |     4 |       ||     4
Dodge: Dodged            |    70 |     2 ||    72

Table legend: (Time is in decaauts)
 A = Elapsed time spent in this place.
 B = Non-inter-level travel time spent in this place.
 C = Inter-level travel time spent in this place.
 D = Time resting spent in this place.
 E = Time spent auto-exploring this place.
 F = Levels seen in this place.
 G = Mean time per level.
                   A        B        C        D        E       F      G
               +--------+--------+--------+--------+--------+-----+--------+
         Total |   2101 |   2035 |     66 |    198 |   1537 |   3 |  700.3 |
       Dungeon |   2101 |   2035 |     66 |    198 |   1537 |   3 |  700.3 |
               +--------+--------+--------+--------+--------+-----+--------+

Top non-repeatable levels by time:
     D:2: 1152 daAuts
     D:1: 901 daAuts
     D:3: 47 daAuts
